 Dungeon Crawl Stone Soup version 0.28-a0-1212-gc6b4282bc0 (webtiles) character file.

Game seed: 14236928108323766334

138 ChaosChampion the Insei (level 5, -1/33 HPs)
             Began as an Octopode Transmuter on Dec 21, 2021.
             Slain by an orc (4 damage)
             ... on level 3 of the Dungeon.
             The game lasted 00:03:33 (2581 turns).

ChaosChampion the Insei (Octopode Transmuter)       Turns: 2581, Time: 00:03:34

Health: -1/33      AC:  2    Str:  9    XL:     5   Next: 21%
Magic:  5/8        EV: 19    Int: 18    God:
Gold:   49         SH:  0    Dex: 17    Spells: 2/8 levels left

rFire   . . .      SeeInvis .     - Unarmed
rCold   . . .      Faith    .   (shield currently unavailable)
rNeg    . . .      Spirit   .   (helmet currently unavailable)
rPois   x          Reflect  .   (no amulet)
rElec   .          Harm     .   (no ring)
rCorr   .          Rampage  .   (no ring)
Will    .....                   (no ring)
Stlth   ++........              (no ring)
HPRegen 0.11/turn               (no ring)
MPRegen 0.11/turn               (no ring)
                                (no ring)
                                (no ring)

@: spider-form
A: venomous fangs, almost no armour, (amphibious), 8 rings, tiny, (camouflage
1), (gelatinous body 1), (nimble swimmer 1), (tentacles)
a: End Transformation


You were on level 3 of the Dungeon.
You were a venomous arachnid creature.
You visited 1 branch of the dungeon, and saw 3 of its levels.

You collected 49 gold pieces.

Inventory:

Scrolls
 c - a scroll of teleportation {unknown}
 d - a scroll of torment {unknown}
Potions
 a - a potion of cancellation {unknown}
 b - 2 potions of attraction {unknown}
 e - a potion of invisibility {unknown}
 f - a potion of flight {unknown}


   Skills:
 + Level 1.5 Fighting
 + Level 2.4 Dodging
 + Level 4.2 Unarmed Combat
 + Level 2.3 Spellcasting
 + Level 2.9 Transmutations
 * Level 2.0 Poison Magic


You had 2 spell levels left.
You knew the following spells:

 Your Spells              Type           Power      Damage    Failure   Level
a - Beastly Appendage     Tmut           24%        N/A       16%         1
b - Wereblood             Tmut           12%        N/A       21%         2
c - Spider Form           Tmut/Pois      11%        N/A       38%         3

Your spell library contained the following spells:

 Spells                   Type           Power      Damage    Failure   Level
 Ensorcelled Hibernation  Hex/Ice        4%         N/A       47%         2
 Ice Form                 Ice/Tmut       7%         N/A       85%         4


Dungeon Overview and Level Annotations

Branches:
Dungeon (3/15)

Altars:
Vehumet


Innate Abilities, Weirdness & Mutations

You are a venomous arachnid creature.
You have poisonous fangs.
You are tiny and dextrous.
Your spellcasting is less reliable in this form.
Your armour is entirely melded.
You are incapable of wielding weapons or throwing items.
You cannot wear most types of armour.
((You are amphibious.))
You can wear up to eight rings at the same time.
((Your skin changes colour to match your surroundings (Stealth+).))
((Your rubbery body absorbs attacks. (AC +1, EV +1)))
((You are camouflaged when in or above water. (Stealth+)))
((You have tentacles for arms and can constrict up to eight enemies at once.))


Message History

The black bear closely misses you. The adder completely misses you.
You closely miss the adder. The black bear completely misses you.
The black bear barely misses you. The black bear claws you.
* * * LOW HITPOINT WARNING * * *
The adder bites you but does no damage.
You hit the adder.
The adder is moderately wounded.
The orc priest looks encouraged for a moment.
The adder completely misses you. The black bear misses you.
The black bear claws you.
* * * LOW HITPOINT WARNING * * *
The black bear misses you.
You hit the black bear.
The black bear is moderately wounded.
The adder closely misses you.
The black bear bites you but does no damage.
The black bear closely misses you. The black bear claws you.
* * * LOW HITPOINT WARNING * * *
You bite the black bear!
The black bear is heavily wounded.
The adder barely misses you. The black bear barely misses you.
The black bear misses you. The black bear barely misses you.
You bite the adder!
The adder is poisoned.
The adder is almost dead.
The adder closely misses you. x2
The black bear bites you but does no damage.
The black bear claws you.
* * * LOW HITPOINT WARNING * * *
The black bear completely misses you.
You hit the black bear.
The black bear looks as sick as possible!
The black bear is severely wounded.
You kill the adder!
Your Poison Magic skill increases to level 2!
You hit the black bear but do no damage.
The black bear looks as sick as possible!
The black bear is almost dead.
The black bear closely misses you. The black bear completely misses you.
The black bear closely misses you. The orc hits you with a +0 club.
You die...

##### #........
#.os# ........ #.ho#
#....... #..o#
#(......
#...#########.......
#.......o...#..o....
#.....†.o...#.......
#...........#......S
#...............#...
###..........##.#.#.


You could see a black bear (extremely poisoned), an orc priest and 2 orcs.

Vanquished Creatures
  A water moccasin zombie (D:3)
  Terence (D:2)
  2 adders
  A gnoll (D:1)
  A dart slug (D:2)
  An orc (D:2)
  3 ball pythons
  A bat (D:1)
  2 giant cockroaches
  3 goblins (D:1)
  3 hobgoblins
  A quokka (D:1)
  2 frilled lizards
  2 kobolds
  2 rats
26 creatures vanquished.

Notes
Turn   | Place    | Note
-------+----------+-------------------------------------------
     0 | D:1      | ChaosChampion the Octopode Transmuter began the quest for
                  | the Orb.
     0 | D:1      | Reached XP level 1. HP: 13/13 MP: 3/3
   630 | D:1      | Reached XP level 2. HP: 18/18 MP: 3/5
   633 | D:1      | Learned a level 2 spell: Wereblood
   978 | D:1      | Found a faded altar of an unknown god.
  1149 | D:2      | Reached XP level 3. HP: 19/23 MP: 4/6
  1222 | D:2      | Noticed Terence
  1617 | D:2      | Reached skill level 4 in Unarmed Combat
  1621 | D:2      | Learned a level 3 spell: Spider Form
  1926 | D:2      | Found a radiant altar of Vehumet.
  2131 | D:2      | Killed Terence
  2132 | D:2      | Reached skill level 1 in Poison Magic
  2132 | D:2      | Reached XP level 4. HP: 28/28 MP: 1/7
  2253 | D:3      | Reached XP level 5. HP: 5/33 MP: 4/8
  2511 | D:3      | Noticed a black bear
  2581 | D:3      | Slain by an orc

Illustrated notes

Levels and vault maps discovered:
D:1:      dpeg_arrival_water_temple_mockup, layout_basic,
          ebering_ecumenical_altar_hall, st_stairs_6
D:2:      layout_basic, basic_altar, uniq_terence
D:3:      layout_basic, mainiacjoe_overflow_brackets, uniq_grinder

Skill      XL: |  1  2  3  4  5 |
---------------+----------------+-----
Unarmed Combat | 4 |  4.2
Poison Magic   | 1 2 |  2.0
Fighting       | |  1.5
Dodging        | |  2.4
Spellcasting   | |  2.3
Transmutations | |  2.9

Action                   |  1- 3 |  4- 6 || total
-------------------------+-------+-------++-------
Melee: Unarmed           |    62 |    31 ||    93
       Constrict         |    18 |     4 ||    22
       Kick              |    12 |       ||    12
       Tentacles         |     7 |     2 ||     9
       Punch             |     1 |     1 ||     2
 Cast: Beastly Appendage |    15 |       ||    15
       Spider Form       |     2 |     2 ||     4
       Wereblood         |     2 |     1 ||     3
 Stab: Sleeping          |     1 |       ||     1
Armor: Skin              |     5 |     6 ||    11
Dodge: Dodged            |    39 |    41 ||    80

Table legend: (Time is in decaauts)
 A = Elapsed time spent in this place.
 B = Non-inter-level travel time spent in this place.
 C = Inter-level travel time spent in this place.
 D = Time resting spent in this place.
 E = Time spent auto-exploring this place.
 F = Levels seen in this place.
 G = Mean time per level.
                   A        B        C        D        E       F      G
               +--------+--------+--------+--------+--------+-----+--------+
         Total |   2575 |   2458 |    117 |    388 |   1655 |   3 |  858.3 |
       Dungeon |   2575 |   2458 |    117 |    388 |   1655 |   3 |  858.3 |
               +--------+--------+--------+--------+--------+-----+--------+

Top non-repeatable levels by time:
     D:1: 1360 daAuts
     D:2: 1105 daAuts
     D:3: 109 daAuts
